Map: Nightshade LE

Players

bleu

  • Race: Zerg Zerg
  • League: Diamond
  • Spawn Location: 11:00

A.I. 1 (Very Easy) - Winner!

  • Race: Protoss Protoss
  • Spawn Location: 5:00

VOD

Have the link to the VOD?

Description

Time

  • Played on: March 26, 2020, 3:05 p.m.
  • Length: 5:09
Show
View Real Time Build Order
Export as new Build Order

bleu Zerg 

Build Orders: Hatch First 

Get SALT Encoding   

  12  0:01  Drone  
  13  0:12  Overlord  
  13  0:16  Drone  
  14  0:31  Drone x2  
  16  0:49  Hatchery  
  15  0:52  Drone  
  15  0:56  Drone  
  17  1:00  Drone  
  18  1:10  Extractor  
  17  1:16  Spawning Pool  
  16  1:20  Drone  
  16  1:22  Drone  
  18  1:28  Drone  
  19  1:39  Drone  
  20  1:53  Overlord  
  20  2:02  Queen x2  
  20  2:03  Zergling x4  
  26  2:11  Drone  
  26  2:12  Drone  
  28  2:16  Metabolic Boost  
  28  2:22  Drone  
  29  2:23  Drone  
  30  2:41  Hatchery  
  29  2:45  Drone  
  29  2:46  Drone  
  29  2:50  Overlord  
  31  2:58  Queen  
  31  3:00  Drone  
  31  3:04  Drone  
  35  3:06  Drone  
  35  3:10  Pneumatized Carapace  
  36  3:13  Drone  
  36  3:15  Drone  
  36  3:17  Drone  
  36  3:19  Drone  
  40  3:24  Overlord  
  40  3:26  Drone  
  41  3:28  Drone  
  42  3:35  Queen  
  42  3:37  Overlord  
  44  3:42  Zergling x4  
  44  3:44  Drone  
  44  3:45  Drone  
  44  3:47  Drone  
  49  3:48  Drone  
  49  3:50  Drone  
  49  3:53  Drone  
  52  3:57  Queen  
  52  4:01  Drone x2  
  56  4:06  Drone x2  
  56  4:09  Drone x2  
  61  4:14  Queen  
  62  4:19  Overlord  
  62  4:20  Overlord x2  
  62  4:22  Drone  
  62  4:23  Drone  
  64  4:25  Drone  
  64  4:26  Drone  
  66  4:33  Extractor  
  66  4:34  Extractor, Drone  
  66  4:35  Extractor, Drone  
  65  4:41  Drone x3  
  65  4:42  Drone  
  65  4:43  Drone  
  70  4:47  Drone  
  71  4:53  Drone x2  
Show
View Real Time Build Order
Export as new Build Order

A.I. 1 (Very Easy) Protoss - Winner!

Build Orders:  

Get SALT Encoding   

  12  0:00  Probe  
  13  0:13  Probe  
  14  0:20  Pylon  
  14  0:37  Assimilator  
  14  0:43  Gateway  
  14  0:47  Pylon  
  14  1:15  Assimilator  
  14  1:17  Probe  
  15  1:25  Probe  
  16  1:33  Cybernetics Core, Probe  
  17  1:44  Probe  
  18  1:56  Probe  
  18  1:59  Warp Gate  
  19  2:04  Probe  
  20  2:11  Stalker  
Tags
 
League
Diamond
Matchup
PvZ
Spawn Locations
Cross Positions
Add a new tag
Caveats
  • Supply blocks, unpowered buildings, or Contaminate may cause inaccurate times.
  • Supply counts are checked every 10 seconds.